 Dungeon Crawl Stone Soup version 0.25.1-2-g60ff931df9 (webtiles) character file.

Game seed: 3270809945684219856

49 lorenzova the Conjurer (level 3, 0/21 HPs)
             Began as an Octopode Conjurer on Oct 20, 2020.
             Slain by a gnoll
             ... wielding a +0 whip
              (7 damage)
             ... on level 2 of the Dungeon.
             The game lasted 00:03:42 (1745 turns).

lorenzova the Conjurer (Octopode Conjurer)          Turns: 1745, Time: 00:03:42

Health: 0/21       AC:  1    Str:  7    XL:     3   Next: 75%
Magic:  7/7        EV: 13    Int: 18    God:
Gold:   91         SH:  0    Dex: 12    Spells: 5/8 levels left

rFire    . . .     SeeInvis .   d - +0 dagger
rCold    . . .     Gourm    .   (no shield)
rNeg     . . .     Faith    .   (helmet restricted)
rPois    .         Spirit   .   (no amulet)
rElec    .         Reflect  .   (no ring)
rCorr    .         Harm     .   (no ring)
MR       .....                  (no ring)
Stlth    +++.......             (no ring)
HPRegen  0.07/turn              (no ring)
MPRegen  0.10/turn              (no ring)
                                (no ring)
                                (no ring)

@: no status effects
A: almost no armour, stealthy swim, amphibious, 8 rings, constrict 8, camouflage
1, gelatinous body 1
a: no special abilities


You were on level 2 of the Dungeon.
You were not hungry.

You visited 1 branch of the dungeon, and saw 2 of its levels.

You collected 91 gold pieces.

Inventory:

Hand Weapons
 d - a +0 dagger (weapon)
Scrolls
 c - a scroll of amnesia {unknown}
 f - a scroll of identify {unknown}
Potions
 e - a potion of mutation {unknown}
 g - a potion of curing {unknown}
Comestibles
 b - 5 rations


   Skills:
 - Level 2.0 Dodging
 - Level 2.6 Stealth
 + Level 3.0 Spellcasting
 + Level 4.7 Conjurations


You had 5 spell levels left.
You knew the following spells:

 Your Spells              Type           Power        Failure   Level  Hunger
a - Magic Dart            Conj           ###.         2%          1    None
b - Searing Ray           Conj           ###...       3%          2    ##.....

Your spell library contained the following spells:

 Spells                   Type           Power        Failure   Level  Hunger
 Dazzling Flash           Conj/Hex       ##....       19%         3    ###....
 Fulminant Prism          Conj/Hex       ##........   52%         4    ####...
 Iskenderun's Mystic Bla  Conj/Tloc      ##......     52%         4    ####...


Dungeon Overview and Level Annotations

Branches:
Dungeon (2/15)

Altars:

Annotations:
D:2 Terence


Innate Abilities, Weirdness & Mutations

You cannot wear most types of armour.
You are very stealthy in the water. (Stealth+)
You are amphibious.
You can wear up to eight rings at the same time.
You can use your tentacles to constrict eight enemies at once.
Your skin changes colour to match your surroundings (Stealth+).
Your rubbery body absorbs attacks. (AC +1, EV +1)


Message History

Terence barely misses you.
You hit Terence but do no damage.
Terence is moderately wounded.
You constrict Terence. Terence hits you with a +0 hand axe!
You hit Terence but do no damage.
Terence is moderately wounded.
You constrict Terence, but do no damage.
Terence hits you with a +0 hand axe.
* * * LOW HITPOINT WARNING * * *
You release your grip on Terence.
Found a spear.
You see here a robe.
You see here a spear.
Found a long sword.
A gnoll comes into view. It is wielding a +0 whip.
The gnoll shouts!
You hear a shout! x2
Found an escape hatch in the floor.
A gnoll comes into view.
The gnoll hits you with a +0 whip!
You die...

#. #..######### #.
#..........# #.
##.#######.#
###.####.#######.#####
......##...........[.#
###.#.....######.###.#
#.#.##.#### #.# #.#
#.#......># #.# #)#
#.#.##.##.# #@# #.#
#.#.##.# ####g# #.#
..#.##.# #.@.# #.#
###.##.# #g### #.#
#.##.# #.# #.# #.#
##.##.## #.# #.#
#....g.####.#
#.##...#.........#
#.####..)...######


You could see Terence and 2 gnolls.

Vanquished Creatures
  A gnoll (D:1)
  An ooze (D:2)
  A dart slug (D:1)
  2 leopard geckos
  2 giant cockroaches (D:1)
  7 goblins
  7 hobgoblins
  A bat (D:2)
  A frilled lizard (D:1)
  4 kobolds (D:1)
  3 rats
30 creatures vanquished.

Notes
Turn   | Place    | Note
-------+----------+-------------------------------------------
     0 | D:1      | lorenzova the Octopode Conjurer began the quest for the
                  | Orb.
     0 | D:1      | Reached XP level 1. HP: 11/11 MP: 3/3
   112 | D:1      | You fall into a shaft and drop 1 floor!
   291 | D:1      | You fall into a shaft and drop 1 floor!
   387 | D:1      | Reached XP level 2. HP: 17/17 MP: 1/5
   391 | D:1      | Learned a level 2 spell: Searing Ray
   892 | D:1      | Reached XP level 3. HP: 21/21 MP: 4/7
  1703 | D:2      | Noticed Terence
  1745 | D:2      | Slain by a gnoll

Illustrated notes

Levels and vault maps discovered:
D:1:      lemuel_arrival_river_ford, layout_loops_ring
D:2:      layout_loops_ring, uniq_terence

Skill      XL: |  1  2  3 |
---------------+----------+-----
Spellcasting   | 3 |  3.0
Dodging        | |  2.0
Stealth        | |  2.6
Conjurations   | |  4.7

Action                   || total
-------------------------++-------
Melee: Unarmed           ||     6
       Constrict         ||     6
       Tentacles         ||     2
       Dagger            ||    13
 Cast: Magic Dart        ||    54
       Searing Ray       ||     2
  Eat: Chunk             ||     3
Armor: Skin              ||     2
Dodge: Dodged            ||     8
